 Dungeon Crawl Stone Soup version 0.28.0-53-g5a82cb258f (webtiles) character file.

Game seed: 2425952435441957003

53 fotan the Skirmisher (level 3, -1/29 HPs)
             Began as a Mummy Cinder Acolyte on Aug 10, 2022.
             Was a Believer of Ignis.
             Slain by a kobold
             ... wielding a +0 short sword
              (2 damage)
             ... on level 1 of the Dungeon.
             The game lasted 00:04:22 (300 turns).

fotan the Skirmisher (Mummy Cinder Acolyte)          Turns: 300, Time: 00:04:22

Health: -1/29      AC:  2    Str: 17    XL:     3   Next: 62%
Magic:  5/5        EV: 11    Int: 15    God:    Ignis [**....]
Gold:   25         SH:  0    Dex:  7    Spells: 5/5 levels left

rFire   . . .      SeeInvis .   a - -1 spear (flame)
rCold   + . .      Faith    .   (no shield)
rNeg    + + +      Spirit   .   b - +0 robe
rPois   ∞          Reflect  .   (no helmet)
rElec   .          Harm     .   (no cloak)
rCorr   .          Rampage  .   (no gloves)
Will    .....                   (no boots)
Stlth   +.........              (no amulet)
HPRegen 0.09/turn               (no ring)
MPRegen 0.09/turn               (no ring)

@: no status effects
A: cold resistance 1, negative energy resistance 3, torment resistance 2, heat
vulnerability 1, no potions
a: Renounce Religion, Fiery Armour, Foxfire Swarm


You were on level 1 of the Dungeon.
You worshipped Ignis.
Ignis was pleased with you.
You visited 1 branch of the dungeon, and saw 2 of its levels.

You collected 25 gold pieces.

Inventory:

Hand Weapons
 a - a -1 spear of flaming (weapon)
Armour
 b - a +0 robe (worn)


   Skills:
 + Level 3.5 Fighting
 + Level 3.0 Polearms
 + Level 1.5 Spellcasting
 + Level 2.9 Fire Magic


You had 5 spell levels left.
You didn't know any spells.
Your spell library contained the following spells:

 Spells                   Type           Power      Damage    Failure   Level
 Scorch                   Fire           20%        2d6       11%         2


Dungeon Overview and Level Annotations

Branches:
Dungeon (2/15)

Altars:


Innate Abilities, Weirdness & Mutations

You are immune to poison.
Your flesh is cold resistant. (rC+)
You are immune to negative energy. (rN+++)
You are immune to unholy pain and torment.
You are vulnerable to heat. (rF-)
You do not drink.


Message History

You see here 10 gold pieces.
The gnoll misses you.
You see here 10 gold pieces.
You now have 25 gold pieces (gained 10).
The gnoll hits you from afar with a +0 halberd.
A rat comes into view.
You begin to rise into the air.
The gnoll hits you from afar with a +0 halberd!
Activating: Foxfire Swarm
Press: ? - help, Dir - look around, f - activate Flames leap up around you!
The gnoll closely misses you.
The foxfire hits the gnoll but does no damage.
The gnoll is almost dead.
The foxfire hits the gnoll.
You kill the gnoll!
With a burst of heat and light, you rocket upward!
Your mindless puppets stay behind to rot.
A kobold comes into view. It is wielding a +0 short sword.
The kobold shouts!
The kobold hits you with a +0 short sword.
* * * LOW HITPOINT WARNING * * *
There is a shaft here.
Activating: Foxfire Swarm
Press: ? - help, Dir - look around, f - activate Flames leap up around you!
The kobold barely misses you.
You barely miss the kobold.
The foxfire hits the kobold.
The kobold is heavily wounded.
The kobold hits you with a +0 short sword.
* * * LOW HITPOINT WARNING * * *
Activating: Foxfire Swarm
Press: ? - help, Dir - look around, f - activate Flames leap up around you!
The kobold hits you with a +0 short sword.
* * * LOW HITPOINT WARNING * * *
You miss the kobold.
The kobold is heavily wounded.
The foxfire hits the kobold.
The kobold is severely wounded.
The kobold hits you with a +0 short sword.
You die...

#. #.# .#
#.###.###.#
#........#
#
#.#...>...#
.#.
#.#.##.##
#.# #.#.#
.# #.#
#.#.# # #v#
# #.. #@#
### #K# #.#
#.# #.# #.#
#.# #.#


You could see a kobold (ally target).

Vanquished Creatures
  3 gnolls (D:2)
  An adder (D:2)
  A dart slug (D:1)
  2 ball pythons
  2 bats (D:1)
  A hobgoblin (D:1)
  2 kobolds (D:1)
  3 rats
15 creatures vanquished.

Vanquished Creatures (others)
  35 foxfires
35 creatures vanquished.

Grand Total: 50 creatures vanquished

Notes
Turn   | Place    | Note
-------+----------+-------------------------------------------
     0 | D:1      | fotan the Mummy Cinder Acolyte began the quest for the Orb.
     0 | D:1      | Reached XP level 1. HP: 18/18 MP: 2/2
   157 | D:1      | Reached XP level 2. HP: 20/24 MP: 4/4
   286 | D:2      | Reached XP level 3. HP: 21/29 MP: 5/5
   299 | D:1      | HP: 1/29 [kobold/+0 short sword (3)]
   300 | D:1      | Slain by a kobold

Illustrated notes

Levels and vault maps discovered:
D:1:      dpeg_arrival_rhombi, layout_loops_ring, basic_ecumenical_altar,
          minmay_tromino_i4
D:2:      layout_rooms, serial_shops, nicolae_shop_hallway_plus

Skill      XL: |  1  2  3 |
---------------+----------+-----
Polearms       | 3 |  3.0
Fighting       | |  3.5
Spellcasting   | |  1.5
Fire Magic     | |  2.9

Action                   || total
-------------------------++-------
Melee: Spear             ||    33
Invok: Foxfire Swarm     ||     6
       Rising Flame      ||     1
Armor: Robe              ||    10
Dodge: Dodged            ||    23
